 Dungeon Crawl Stone Soup version 0.30.0-5-g1a98f26d00 (webtiles) character file.

Game seed: 2220822373009956579

92334 Implojin the Slicer (level 15, -1/109 HPs)
             Began as a Vampire Hedge Wizard on May 9, 2023.
             Was a High Priest of Hepliaklqana.
             Hit by a large rock thrown by a cyclops (30 damage)
             ... on level 1 of the Orcish Mines.
             The game lasted 00:51:25 (23129 turns).

Implojin the Slicer (Vampire Hedge Wizard)         Turns: 23129, Time: 00:51:25

Health: -1/109     AC: 15    Str: 11    XL:     15   Next: 57%
Magic:  19/24      EV: 26    Int: 14    God:    Hepliaklqana [*****.]
Gold:   1690       SH: 13    Dex: 30    Spells: 16/20 levels left

rFire   . . .        k - +3 rapier
rCold   . . .        C - +0 buckler
rNeg    . . .        l - +0 troll leather armour
rPois   +            o - +1 helmet
rElec   .            I - +2 cloak {rPois}
rCorr   .            K - +2 pair of gloves
SInv    +            X - +2 pair of boots
Will    +....        z - amulet of reflection
Stlth   +++++        U - +6 ring of dexterity
HPRegen 1.38/turn    b - ring "Ronuvacsi" {Fly rPois Int-3 Dex+5}
MPRegen 0.19/turn

%: reflection
@: about to teleport, flying, healing quickly
A: reduced essence, alive, fangs 3, see invisible, vampiric 2
a: Exsanguinate, Renounce Religion, Recall Ancestor, Ancestor Identity,
Transference, Idealise


You were on level 1 of the Orcish Mines.
You worshipped Hepliaklqana.
Hepliaklqana was extremely pleased with you.
You visited 4 branches of the dungeon, and saw 22 of its levels.
You also visited: Sewer.

You collected 1879 gold pieces.
You spent 189 gold pieces at shops.

Inventory:

Hand Weapons
 c - a +3 rapier of distortion
 k - a +3 rapier (weapon)
 W - a +0 rapier of venom
Missiles
 u - 21 poisoned darts (quivered)
 w - 7 atropa-tipped darts
 D - a curare-tipped dart
 F - 6 silver javelins
 G - a silver boomerang
 H - 5 datura-tipped darts
 N - 6 boomerangs
 T - a throwing net
Armour
 l - a +0 troll leather armour (worn)
 o - a +1 helmet (worn)
 q - a scarf of resistance
 C - a +0 buckler (worn)
 I - a +2 cloak of poison resistance (worn)
 K - a +2 pair of gloves (worn)
 S - +0 fire dragon scales
 X - a +2 pair of boots (worn)
Jewellery
 b - the ring "Ronuvacsi" (right hand) {Fly rPois Int-3 Dex+5}
   (You acquired it on level 10 of the Dungeon)

   [ring of flight]

   Int:       It affects your intelligence (-3).
   Dex:       It affects your dexterity (+5).
   rPois:     It protects you from poison.
   Fly:       It grants you flight.
 p - a ring of willpower
 t - a ring of willpower
 z - an amulet of reflection (around neck)
 M - a +4 ring of slaying
 U - a +6 ring of dexterity (left hand)
 V - a ring of protection from fire
Wands
 y - a wand of acid (1)
 B - a wand of roots (4)
 O - a wand of mindburst (1)
 P - a wand of polymorph (15)
 Y - a wand of charming (3)
Scrolls
 e - 5 scrolls of fear
 f - 2 scrolls of blinking
 n - 8 scrolls of fog
 r - 2 scrolls of silence
 s - 7 scrolls of vulnerability
 x - 4 scrolls of teleportation
 L - 4 scrolls of poison
 R - 3 scrolls of enchant weapon
 Z - a scroll of magic mapping
Potions
 a - a potion of degeneration {unknown}
 d - 3 potions of magic
 h - a potion of resistance {unknown}
 i - 3 potions of mutation
 j - 6 potions of heal wounds
 m - 8 potions of curing
 v - 3 potions of haste
 A - 2 potions of cancellation
 E - 7 potions of flight
 J - 5 potions of might
 Q - a potion of lignification


   Skills:
 * Level 12.9 Fighting
 - Level 14.0 Short Blades
 - Level 2.0 Throwing
 - Level 14.0 Dodging
 - Level 10.0 Stealth
 - Level 8.0 Shields
 - Level 3.0 Spellcasting
 - Level 0.6 Conjurations
 - Level 1.0 Summonings
 - Level 0.7 Translocations
 - Level 12.0 Invocations
 - Level 3.0 Evocations


You had 16 spell levels left.
You knew the following spells:

 Your Spells              Type           Power      Damage    Failure   Level
a - Magic Dart            Conj           12%        1d3       28%         1
b - Slow                  Hex            8%         N/A       36%         1
c - Call Imp              Summ           8%         N/A       36%         2

Your spell library contained the following spells:

 Spells                   Type           Power      Damage    Failure   Level
 Summon Small Mammal      Summ           16%        N/A       24%         1
 Apportation              Tloc           8%         N/A       28%         1
 Necrotise                Necr           8%         1d4       36%         1
 Blink                    Tloc           8%         N/A       38%         2
 Cigotuvi's Dreadful Rot  Necr/Pois/Air  4%         N/A       50%         2
 Ensorcelled Hibernation  Hex/Ice        4%         N/A       50%         2
 Passwall                 Tmut/Erth      1%         N/A       50%         2
 Sublimation of Blood     Necr           2%         N/A       50%         2
 Wereblood                Tmut           2%         N/A       50%         2
 Gell's Gravitas          Tloc           4%         N/A       63%         3
 Teleport Other           Tloc           4%         N/A       63%         3
 Portal Projectile        Hex/Tloc       6%         N/A       67%         3
 Mephitic Cloud           Conj/Pois/Air  2%         N/A       71%         3
 Ignite Poison            Fire/Tmut/Pois 2%         N/A       73%         3
 Inner Flame              Hex/Fire       2%         N/A       73%         3
 Swiftness                Air            2%         N/A       73%         3
 Tukima's Dance           Hex            2%         N/A       73%         3
 Vampiric Draining        Necr           2%         2d6       73%         3
 Flame Wave               Conj/Fire      2%         2d4       97%         4
 Sticky Flame             Conj/Fire      2%         2d3       97%         4
 Anguish                  Hex/Necr       1%         N/A       98%         4
 Cause Fear               Hex            1%         N/A       98%         4
 Agony                    Necr           2%         N/A       100%        5
 Blade Hands              Tmut           1%         N/A       100%        5
 Freezing Cloud           Conj/Ice/Air   1%         6-21      100%        5
 Irradiate                Conj/Tmut      1%         3d12      100%        5
 Summon Forest            Summ/Tloc      2%         N/A       100%        5
 Dispersal                Tloc           2%         N/A       100%        6
 Eringya's Noxious Bog    Tmut/Pois      1%         N/A       100%        6
 Dragon Form              Tmut           1%         N/A       100%        7
 Enfeeble                 Hex            1%         N/A       100%        7
 Summon Hydra             Summ           2%         N/A       100%        7


Dungeon Overview and Level Annotations

Branches:
Dungeon (15/15)            Temple (1/1) D:4            Lair (5/5) D:11
  Swamp (0/4) Lair:3       Spider (0/4) Lair:3        Slime (0/5) Lair:4
    Orc (1/2) D:10         Vaults (0/5) D:14         Depths (0/4) D:15
  Sewer (visited)

Altars:
Ashenzari
Cheibriados
Dithmenos
Fedhas
Gozag
Hepliaklqana
Kikubaaqudgha
Makhleb
Nemelex Xobeh
Okawaru
Qazlal
Ru
Sif Muna
Trog
Uskayaw
Vehumet
Wu Jian
Xom
Yredelemnul
Jiyva
Lugonu

Shops:
D:2 :   D:7 (   D:12 (=   Orc:1 (

Portals:
Abyss: Lair:5

Annotations:
D:10 2 transporters
Lair:4 rCorr oklob vault, come back maybe, exclusion: oklob plant


Innate Abilities, Weirdness & Mutations

Your life essence is reduced to manifest your ancestor. (-10% HP)
Your natural rate of healing is accelerated.
You have razor-sharp teeth.
You have supernaturally acute eyesight. (SInv)
You are afflicted with vampirism and can become a bat while bloodless.


Message History

๐Ÿฆ€๐Ÿฆ€๐Ÿฆ€ hits the cyclops with a +0 dagger of draining.
The orc priest hits ๐Ÿฆ€๐Ÿฆ€๐Ÿฆ€ with a +0 club.
The cyclops hits you! ๐Ÿฆ€๐Ÿฆ€๐Ÿฆ€ hits the cyclops with a +0 dagger of draining! ๐Ÿฆ€๐Ÿฆ€๐Ÿฆ€ drains the cyclops.
Danger: Low HP Warning |T2| Reason: 31% HP (34/109) Unknown command.
The cyclops hits ๐Ÿฆ€๐Ÿฆ€๐Ÿฆ€.
Danger: Low HP Warning |T2| Reason: 32% HP (35/109) Unknown command. ๐Ÿฆ€๐Ÿฆ€๐Ÿฆ€ is recalled. ๐Ÿฆ€๐Ÿฆ€๐Ÿฆ€ points at the cyclops and mumbles some strange words.
The cyclops appears confused.
The orc priest looks braver for a moment.
The cyclops misses you.
Danger: cyclops |T2| Reason: Quivering large rocks, watch out!!
Danger: Low HP Warning |T2| Reason: 33% HP (36/109) Unknown command. ๐Ÿฆ€๐Ÿฆ€๐Ÿฆ€ casts a spell at the cyclops.
The cyclops appears confused.
Danger: Low HP Warning |T2| Reason: 34% HP (38/109) Unknown command.
Aiming: Fastroot
Press: ? - help, Shift-Dir - straight line, f - cyclops
Aim: a cyclops, quivering large rocks
Okay, then.
Okay, then.
Okay, then.
As you read the scroll of teleportation, it crumbles to dust.
You feel strangely unstable. ๐Ÿฆ€๐Ÿฆ€๐Ÿฆ€ hits the cyclops with a +0 dagger of draining!
The orc priest barely misses ๐Ÿฆ€๐Ÿฆ€๐Ÿฆ€. ๐Ÿฆ€๐Ÿฆ€๐Ÿฆ€ points at the cyclops and mumbles some strange words.
The cyclops appears confused.
Danger: cyclops |T2| Reason: Quivering large rocks, watch out!!
Danger: Low HP Warning |T2| Reason: 35% HP (39/109) Unknown command.
The orc priest invokes the aid of Beogh against you.
Beogh smites you!
The cyclops throws a large rock.
The large rock hits you!!
You die...

#..C.#....
+โ‰ˆโ‰ˆ......
#....'..
+ยงโ‰ˆ...... #.oC.#
+โ‰ˆยง...... #)CR.#
#โ‰ˆโ‰ˆ..#.(. #CC..#
#ยงโ‰ˆ..#.(. ##h###
####ยงโ‰ˆ.##... #C#
#โ‰ˆโ‰ˆโ‰ˆยงยง.###..
#.## #โ‰ˆโ‰ˆยงโ‰ˆ..#
##. #.@#
##โ‰ˆโ‰ˆยงยง..# ##.
##.#
#.โ‰ˆโ‰ˆโ‰ˆยง..# #..
#.#
##โ‰ˆโ‰ˆโ‰ˆ...####.
#.## #ยงโ‰ˆ.(.###...
#..# #.โ‰ˆ...##..#.
##.# ##..#.##..#.
#.# ######...## #.#
##...#. #.#
#####....##


You could see 4 cyclopes, a wolf and an orc priest.

Vanquished Creatures
  An ettin (Orc:1)
  A fire dragon (D:14)
  7 vault guards (D:14)
  3 hydras
  3 boulder beetles
  4 centaur warriors
  5 two-headed ogres
  A death knight (D:14)
  5 death yaks
  2 thrashing horrors (Lair:5)
  Amaemon (D:8)
  2 skysharks
  3 skeletal warriors
  An orb spider (Lair:3)
  A necromancer (D:15)
  A phantasmal warrior (D:14)
  2 deep elf pyromancers
  An oklob plant (Lair:3)
  5 ugly things
  3 manticores
  A stone giant zombie (D:15)
  8 cyclopes
  2 frost giant zombies (D:15)
  A cyclops (shapeshifter) (Lair:5)
  A fire giant skeleton (D:15)
  8 elephants
  3 black mambas
  A gargoyle (D:7)
  6 cane toads
  Psyche (D:11)
  4 komodo dragons
  An efreet (D:15)
  2 freezing wraiths
  2 rime drakes
  2 ancient zymes (Lair:5)
  2 kobold demonologists
  A guardian mummy (D:14)
  A polar bear (Lair:1)
  3 trolls
  A tyrant leech (Lair:3)
  A hornet (D:11)
  15 blink frogs
  6 dream sheep
  A spriggan (Lair:5)
  2 ynoxinuls (Lair:5)
  3 shadows
  A water elemental (D:13)
  A wyvern (Lair:3)
  A wraith (D:13)
  17 yaks
  2 vampires
  5 basilisks
  A chaos spawn (Lair:5)
  2 vampire mosquitoes (D:14)
  4 swamp worms (Lair:3)
  4 wargs (Orc:1)
  5 water moccasins
  7 orc warriors
  An ice beast (D:6)
  A sky beast (D:6)
  6 ogres
  2 black bears
  9 wolves
  A tengu (shapeshifter) (D:14)
  4 centaurs
  A phantom (D:5)
  A kobold brigand (D:9)
  16 bullfrogs
  A gnoll sergeant (D:11)
  9 wights
  3 scorpions
  7 killer bees
  2 howler monkeys
  3 jellies
  A hound (D:6)
  A gnoll bouda (D:4)
  An orc priest (D:14)
  Crazy Yiuf (D:4)
  Ijyb (D:4)
  4 iguanas
  7 orc wizards
  7 small abominations (Lair:5)
  5 gnolls
  2 river rats (D:4)
  12 adders
  An ufetubus (D:6)
  4 worms
  3 dart slugs
  14 orcs
  14 ball pythons
  6 bats
  3 endoplasms
  9 giant cockroaches
  4 goblins
  4 hobgoblins
  10 quokkas
  A training dummy (Orc:1)
  5 frilled lizards
  19 kobolds
387 creatures vanquished.

Vanquished Creatures (collateral kills)
  A vault guard (D:14)
  2 hydras
  3 centaur warriors
  4 two-headed ogres
  A thrashing horror (Lair:5)
  5 death yaks
  2 skeletal warriors (D:13)
  2 skysharks
  3 ugly things
  A manticore (D:14)
  10 elephants
  A black mamba (Lair:4)
  An orange demon (D:8)
  2 cane toads (Lair:1)
  A gargoyle (D:13)
  An efreet (D:15)
  A komodo dragon (Lair:5)
  A guardian mummy (D:15)
  3 trolls
  15 blink frogs
  14 dream sheep
  4 slime creatures (Lair:4)
  A shadow (D:11)
  A ynoxinul (Lair:5)
  3 water elementals (D:13)
  5 wyverns
  11 yaks
  2 small abominations (Lair:5)
  2 steam dragons (D:8)
  2 basilisks
  A large abomination (Lair:5)
  A chaos spawn (Lair:5)
  2 wargs (Orc:1)
  6 water moccasins
  An orc warrior (Orc:1)
  An ogre (D:5)
  A black bear (D:5)
  8 centaurs
  6 wolves
  3 kobold brigands
  6 bullfrogs
  A scorpion (D:5)
  6 wights
  2 killer bees (D:8)
  A howler monkey (D:10)
  2 jellies
  4 orc priests
  3 gnoll boudas (D:8)
  A sleepcap (D:5)
  2 orc wizards
  2 adders
  A white imp (D:6)
  A worm (D:2)
  13 orcs
  A ball python (D:2)
  2 training dummies (Orc:1)
  A frilled lizard (Sewer)
  2 kobolds
  2 butterflies (D:6)
188 creatures vanquished.

Vanquished Creatures (others)
  A centaur (D:15)
  10 hexers
  3 ancestors
14 creatures vanquished.

Grand Total: 589 creatures vanquished

Notes
Turn   | Place    | Note
-------+----------+-------------------------------------------
     0 | D:1      | Implojin the Vampire Hedge Wizard began the quest for the
                  | Orb.
     0 | D:1      | Reached XP level 1. HP: 13/13 MP: 4/4
     2 | D:1      | Learned a level 1 spell: Slow
    64 | D:1      | Reached skill level 1 in Short Blades
   413 | D:1      | Reached XP level 2. HP: 19/19 MP: 1/6
   628 | D:1      | You fall into a shaft and drop 1 floor!
   628 | D:1      | Danger: Shafted! |T3| Reason: Shafted!
   773 | D:2      | Reached skill level 1 in Fighting
   850 | D:2      | Learned a level 2 spell: Call Imp
  1000 | D:2      | Danger: Low HP Warning |T2| Reason: 28% HP (6/21)
  1001 | D:2      | Danger: Low HP Warning |T2| Reason: 33% HP (7/21)
  1002 | D:2      | Danger: Low HP Warning |T2| Reason: 33% HP (7/21)
  1003 | D:2      | Danger: Low HP Warning |T2| Reason: 33% HP (7/21)
  1004 | D:2      | Danger: Low HP Warning |T2| Reason: 38% HP (8/21)
  1006 | D:2      | Danger: Low HP Warning |T2| Reason: 42% HP (9/21)
  1007 | D:2      | Danger: Low HP Warning |T2| Reason: 42% HP (9/21)
  1145 | D:2      | Gained mutation: You are afflicted with vampirism and can
                  | become a bat while bloodless. [Vampire growth]
  1145 | D:2      | Reached XP level 3. HP: 26/26 MP: 7/7
  1174 | D:2      | Found Ajucreon's Book Shop.
  1259 | D:2      | Danger: Low HP Warning |T2| Reason: 59% HP (16/27)
  1261 | D:2      | Danger: Low HP Warning |T2| Reason: 59% HP (16/27)
  1262 | D:2      | Danger: Low HP Warning |T2| Reason: 59% HP (16/27)
  1263 | D:2      | Danger: Low HP Warning |T2| Reason: 59% HP (16/27)
  1264 | D:2      | Danger: Low HP Warning |T2| Reason: 59% HP (16/27)
  1780 | D:3      | Danger: Low HP Warning |T2| Reason: 51% HP (14/27)
  1781 | D:3      | Danger: Low HP Warning |T2| Reason: 40% HP (11/27)
  1782 | D:3      | Danger: Low HP Warning |T2| Reason: 40% HP (11/27)
  1783 | D:3      | Danger: Low HP Warning |T2| Reason: 33% HP (9/27)
  1934 | D:3      | Danger: kobold |T2| Reason: Quivering poison darts and no
                  | rPois, careful!
  1934 | D:3      | Danger: kobold |T3| Reason: wielding holy wrath while
                  | unholy, watch out!!
  1935 | D:3      | Danger: kobold |T3| Reason: wielding holy wrath while
                  | unholy, watch out!!
  1936 | D:3      | Danger: kobold |T3| Reason: wielding holy wrath while
                  | unholy, watch out!!
  2244 | D:3      | Danger: Low HP Warning |T2| Reason: 59% HP (16/27)
  2245 | D:3      | Danger: Low HP Warning |T2| Reason: 48% HP (13/27)
  2246 | D:3      | Danger: Low HP Warning |T2| Reason: 48% HP (13/27)
  2247 | D:3      | Danger: Low HP Warning |T2| Reason: 44% HP (12/27)
  2248 | D:3      | Danger: Low HP Warning |T2| Reason: 44% HP (12/27)
  2249 | D:3      | Danger: Low HP Warning |T2| Reason: 44% HP (12/27)
  2250 | D:3      | Danger: Low HP Warning |T2| Reason: 44% HP (12/27)
  2251 | D:3      | Reached XP level 4. HP: 16/34 MP: 3/8
  2696 | D:4      | Found a staircase to the Ecumenical Temple.
  2709 | Temple   | Entered the Ecumenical Temple
  2859 | Temple   | Became a worshipper of Hepliaklqana the Forgotten
  3174 | D:4      | Danger: orc wizard |T2| Reason: OOD monster, careful!
  3187 | D:4      | Reached skill level 1 in Evocations
  3269 | D:4      | Found a glowing drain.
  3275 | D:4      | Danger: Low HP Warning |T2| Reason: 50% HP (17/34)
  3276 | D:4      | Reached XP level 5. HP: 18/39 MP: 6/9
  3276 | D:4      | Danger: Low HP Warning |T2| Reason: 46% HP (18/39)
  3277 | D:4      | Danger: Low HP Warning |T2| Reason: 41% HP (16/39)
  3278 | D:4      | Danger: Low HP Warning |T2| Reason: 41% HP (16/39)
  3279 | D:4      | Danger: Low HP Warning |T2| Reason: 38% HP (15/39)
  3285 | Sewer    | Entered a sewer
  3530 | Sewer    | Danger: Low HP Warning |T2| Reason: 58% HP (23/39)
  3531 | Sewer    | Danger: Low HP Warning |T2| Reason: 56% HP (22/39)
  3532 | Sewer    | Danger: Low HP Warning |T2| Reason: 43% HP (17/39)
  3533 | Sewer    | Danger: Low HP Warning |T2| Reason: 41% HP (16/39)
  3534 | Sewer    | Danger: Low HP Warning |T2| Reason: 35% HP (14/39)
  3535 | Sewer    | Danger: Low HP Warning |T2| Reason: 35% HP (14/39)
  3536 | Sewer    | Danger: Low HP Warning |T2| Reason: 33% HP (13/39)
  3715 | Sewer    | Reached XP level 6. HP: 38/46 MP: 6/10
  4090 | D:4      | Danger: howler monkey |T2| Reason: OOD monster, careful!
  4146 | D:4      | Noticed Ijyb
  4147 | D:4      | Danger: Ijyb |T2| Reason: Unique monster, careful!
  4147 | D:4      | Danger: Ijyb |T2| Reason: carrying a wand of polymorph (3),
                  | careful!
  4152 | D:4      | Danger: Ijyb |T2| Reason: Unique monster, careful!
  4152 | D:4      | Danger: Ijyb |T2| Reason: carrying a wand of polymorph (3),
                  | careful!
  4167 | D:4      | Killed Ijyb
  4390 | D:4      | Danger: gnoll |T3| Reason: wielding holy wrath while
                  | unholy, watch out!!
  4391 | D:4      | Danger: gnoll |T3| Reason: wielding holy wrath while
                  | unholy, watch out!!
  4392 | D:4      | Danger: gnoll |T3| Reason: wielding holy wrath while
                  | unholy, watch out!!
  4393 | D:4      | Danger: gnoll |T3| Reason: wielding holy wrath while
                  | unholy, watch out!!
  4394 | D:4      | Danger: gnoll |T3| Reason: wielding holy wrath while
                  | unholy, watch out!!
  4395 | D:4      | Danger: gnoll |T3| Reason: wielding holy wrath while
                  | unholy, watch out!!
  4396 | D:4      | Danger: gnoll |T3| Reason: wielding holy wrath while
                  | unholy, watch out!!
  4397 | D:4      | Danger: gnoll |T3| Reason: wielding holy wrath while
                  | unholy, watch out!!
  4398 | D:4      | Danger: gnoll |T3| Reason: wielding holy wrath while
                  | unholy, watch out!!
  4399 | D:4      | Danger: gnoll |T3| Reason: wielding holy wrath while
                  | unholy, watch out!!
  4400 | D:4      | Danger: gnoll |T3| Reason: wielding holy wrath while
                  | unholy, watch out!!
  4401 | D:4      | Danger: gnoll |T3| Reason: wielding holy wrath while
                  | unholy, watch out!!
  4402 | D:4      | Danger: gnoll |T3| Reason: wielding holy wrath while
                  | unholy, watch out!!
  4403 | D:4      | Danger: gnoll |T3| Reason: wielding holy wrath while
                  | unholy, watch out!!
  4404 | D:4      | Danger: gnoll |T3| Reason: wielding holy wrath while
                  | unholy, watch out!!
  4405 | D:4      | Danger: gnoll |T3| Reason: wielding holy wrath while
                  | unholy, watch out!!
  4406 | D:4      | Danger: gnoll |T3| Reason: wielding holy wrath while
                  | unholy, watch out!!
  4407 | D:4      | Danger: gnoll |T3| Reason: wielding holy wrath while
                  | unholy, watch out!!
  4408 | D:4      | Danger: gnoll |T3| Reason: wielding holy wrath while
                  | unholy, watch out!!
  4409 | D:4      | Reached skill level 5 in Short Blades
  4409 | D:4      | Danger: gnoll |T3| Reason: wielding holy wrath while
                  | unholy, watch out!!
  4410 | D:4      | Danger: gnoll |T3| Reason: wielding holy wrath while
                  | unholy, watch out!!
  4411 | D:4      | Danger: gnoll |T3| Reason: wielding holy wrath while
                  | unholy, watch out!!
  4411 | D:4      | Danger: Low HP Warning |T2| Reason: 50% HP (23/46)
  4412 | D:4      | Danger: gnoll |T3| Reason: wielding holy wrath while
                  | unholy, watch out!!
  4412 | D:4      | Danger: Low HP Warning |T3| Reason: 13% HP (6/46)
  4413 | D:4      | Danger: gnoll |T3| Reason: wielding holy wrath while
                  | unholy, watch out!!
  4413 | D:4      | Danger: Low HP Warning |T3| Reason: 15% HP (7/46)
  4414 | D:4      | Danger: gnoll |T3| Reason: wielding holy wrath while
                  | unholy, watch out!!
  4414 | D:4      | Danger: Low HP Warning |T3| Reason: 15% HP (7/46)
  4415 | D:4      | Danger: gnoll |T3| Reason: wielding holy wrath while
                  | unholy, watch out!!
  4415 | D:4      | Danger: Low HP Warning |T3| Reason: 17% HP (8/46)
  4418 | D:4      | Danger: Low HP Warning |T3| Reason: 19% HP (9/46)
  4419 | D:4      | Danger: Low HP Warning |T3| Reason: 19% HP (9/46)
  4420 | D:4      | Danger: Low HP Warning |T3| Reason: 21% HP (10/46)
  4421 | D:4      | Danger: Low HP Warning |T3| Reason: 21% HP (10/46)
  4422 | D:4      | Danger: Low HP Warning |T3| Reason: 23% HP (11/46)
  4859 | D:4      | Reached XP level 7. HP: 46/51 MP: 8/11
  4913 | D:4      | Danger: gnoll |T3| Reason: wielding holy wrath while
                  | unholy, watch out!!
  4914 | D:4      | Danger: gnoll |T3| Reason: wielding holy wrath while
                  | unholy, watch out!!
  5071 | D:4      | Found a runed translucent door.
  5072 | D:4      | Noticed Crazy Yiuf
  5076 | D:4      | Danger: Crazy Yiuf |T2| Reason: Unique monster, careful!
  5079 | D:4      | Killed Crazy Yiuf
  5161 | D:5      | Entered Level 5 of the Dungeon
  5206 | D:5      | Reached * piety under Hepliaklqana
  5625 | D:5      | Danger: Low HP Warning |T2| Reason: 54% HP (26/48)
  5626 | D:5      | Danger: Low HP Warning |T2| Reason: 56% HP (27/48)
  5627 | D:5      | Reached skill level 5 in Dodging
  5627 | D:5      | Reached XP level 8. HP: 29/54 MP: 9/12
  5627 | D:5      | Danger: Low HP Warning |T2| Reason: 53% HP (29/54)
  5628 | D:5      | Danger: Low HP Warning |T2| Reason: 55% HP (30/54)
  5629 | D:5      | Danger: Low HP Warning |T2| Reason: 51% HP (28/54)
  5630 | D:5      | Danger: Low HP Warning |T2| Reason: 53% HP (29/54)
  5631 | D:5      | Danger: Low HP Warning |T2| Reason: 53% HP (29/54)
  5632 | D:5      | Danger: Low HP Warning |T2| Reason: 53% HP (29/54)
  5633 | D:5      | Danger: Low HP Warning |T2| Reason: 55% HP (30/54)
  5634 | D:5      | Danger: Low HP Warning |T2| Reason: 55% HP (30/54)
  5635 | D:5      | Danger: Low HP Warning |T2| Reason: 55% HP (30/54)
  5937 | D:5      | Reached skill level 1 in Throwing
  6172 | D:6      | Found a shimmering altar of Xom.
  6223 | D:6      | Reached skill level 5 in Fighting
  6251 | D:6      | Danger: orc warrior |T2| Reason: carrying a wand of
                  | polymorph (10), careful!
  6256 | D:6      | Danger: orc warrior |T2| Reason: carrying a wand of
                  | polymorph (10), careful!
  6258 | D:6      | Danger: orc warrior |T3| Reason: wielding holy wrath while
                  | unholy, watch out!!
  6258 | D:6      | Danger: Low HP Warning |T2| Reason: 38% HP (21/55)
  6259 | D:6      | Danger: orc warrior |T3| Reason: wielding holy wrath while
                  | unholy, watch out!!
  6259 | D:6      | Danger: Low HP Warning |T2| Reason: 38% HP (21/55)
  6260 | D:6      | Danger: orc warrior |T3| Reason: wielding holy wrath while
                  | unholy, watch out!!
  6260 | D:6      | Danger: Low HP Warning |T2| Reason: 40% HP (22/55)
  6261 | D:6      | Danger: orc |T2| Reason: Quivering atropa, careful!
  6261 | D:6      | Danger: Low HP Warning |T2| Reason: 40% HP (22/55)
  6262 | D:6      | Danger: Low HP Warning |T2| Reason: 41% HP (23/55)
  6263 | D:6      | Danger: Low HP Warning |T2| Reason: 41% HP (23/55)
  6264 | D:6      | Danger: orc wizard |T2| Reason: carrying a wand of
                  | mindburst (10), careful!
  6264 | D:6      | Danger: Low HP Warning |T2| Reason: 43% HP (24/55)
  6265 | D:6      | Danger: Low HP Warning |T2| Reason: 43% HP (24/55)
  6266 | D:6      | Danger: Low HP Warning |T2| Reason: 45% HP (25/55)
  6267 | D:6      | Danger: Low HP Warning |T2| Reason: 45% HP (25/55)
  6268 | D:6      | Danger: Low HP Warning |T2| Reason: 47% HP (26/55)
  6269 | D:6      | Danger: orc wizard |T2| Reason: carrying a wand of
                  | mindburst (10), careful!
  6269 | D:6      | Danger: Low HP Warning |T2| Reason: 47% HP (26/55)
  6270 | D:6      | Danger: Low HP Warning |T2| Reason: 49% HP (27/55)
  6271 | D:6      | Danger: Low HP Warning |T2| Reason: 49% HP (27/55)
  6272 | D:6      | Danger: Low HP Warning |T2| Reason: 50% HP (28/55)
  6329 | D:6      | Danger: orc wizard |T2| Reason: carrying a wand of
                  | mindburst (10), careful!
  6332 | D:6      | Danger: orc |T2| Reason: Quivering atropa, careful!
  6465 | D:6      | Danger: Low HP Warning |T2| Reason: 60% HP (33/55)
  6466 | D:6      | Danger: Low HP Warning |T2| Reason: 60% HP (33/55)
  6467 | D:6      | Danger: Low HP Warning |T2| Reason: 60% HP (33/55)
  6469 | D:6      | Danger: Low HP Warning |T2| Reason: 60% HP (33/55)
  6582 | D:6      | Reached XP level 9. HP: 61/61 MP: 13/13
  6685 | D:6      | Reached ** piety under Hepliaklqana
  6809 | D:6      | Remembered your ancestor ๐Ÿฆ€๐Ÿฆ€๐Ÿฆ€ as a hexer
  6851 | D:7      | Noticed a gargoyle
  6852 | D:7      | Danger: gargoyle |T2| Reason: OOD monster, careful!
  6852 | D:7      | Danger: gargoyle |T2| Reason: Stone Arrow deals more than
                  | 50% MHP!
  6888 | D:7      | Found Eseocimiyb's Antique Weapon Emporium.
  6914 | D:7      | Bought a glowing rapier for 189 gold pieces
  6973 | D:7      | Danger: orc |T3| Reason: wielding holy wrath while unholy,
                  | watch out!!
  6974 | D:7      | Danger: orc |T3| Reason: wielding holy wrath while unholy,
                  | watch out!!
  6976 | D:7      | Danger: orc |T3| Reason: wielding holy wrath while unholy,
                  | watch out!!
  6977 | D:7      | Danger: orc |T3| Reason: wielding holy wrath while unholy,
                  | watch out!!
  6978 | D:7      | Danger: orc |T3| Reason: wielding holy wrath while unholy,
                  | watch out!!
  6978 | D:7      | Danger: Low HP Warning |T2| Reason: 60% HP (37/61)
  6979 | D:7      | Danger: orc |T3| Reason: wielding holy wrath while unholy,
                  | watch out!!
  6979 | D:7      | Danger: Low HP Warning |T2| Reason: 58% HP (36/62)
  6980 | D:7      | Danger: orc |T3| Reason: wielding holy wrath while unholy,
                  | watch out!!
  6980 | D:7      | Danger: Low HP Warning |T2| Reason: 53% HP (33/62)
  6981 | D:7      | Danger: orc |T3| Reason: wielding holy wrath while unholy,
                  | watch out!!
  6981 | D:7      | Danger: Low HP Warning |T2| Reason: 53% HP (33/62)
  6982 | D:7      | Danger: orc |T3| Reason: wielding holy wrath while unholy,
                  | watch out!!
  6982 | D:7      | Danger: Low HP Warning |T2| Reason: 51% HP (32/62)
  6983 | D:7      | Danger: orc |T3| Reason: wielding holy wrath while unholy,
                  | watch out!!
  6983 | D:7      | Danger: Low HP Warning |T2| Reason: 48% HP (30/62)
  6984 | D:7      | Danger: orc |T3| Reason: wielding holy wrath while unholy,
                  | watch out!!
  6984 | D:7      | Danger: Low HP Warning |T2| Reason: 50% HP (31/62)
  7140 | D:7      | Danger: Low HP Warning |T2| Reason: 58% HP (37/63)
  7141 | D:7      | Danger: Low HP Warning |T2| Reason: 58% HP (37/63)
  7142 | D:7      | Danger: Low HP Warning |T2| Reason: 42% HP (27/63)
  7143 | D:7      | Danger: Low HP Warning |T2| Reason: 41% HP (26/63)
  7144 | D:7      | Danger: Low HP Warning |T2| Reason: 42% HP (27/63)
  7145 | D:7      | Danger: Low HP Warning |T2| Reason: 42% HP (27/63)
  7146 | D:7      | Danger: Low HP Warning |T2| Reason: 41% HP (26/63)
  7147 | D:7      | Danger: Low HP Warning |T2| Reason: 42% HP (27/63)
  7148 | D:7      | Danger: Low HP Warning |T2| Reason: 42% HP (27/63)
  7299 | D:7      | Found a shadowy altar of Dithmenos.
  7485 | D:7      | Identified the +0 chain mail "Giuss" {rF+ rC+ Str-3 Stlth+}
  7563 | D:8      | Reached skill level 5 in Stealth
  7573 | D:8      | Danger: Low HP Warning |T2| Reason: 42% HP (26/61)
  7581 | D:8      | Danger: Low HP Warning |T2| Reason: 48% HP (30/62)
  7583 | D:8      | Danger: Low HP Warning |T2| Reason: 50% HP (31/62)
  7584 | D:8      | Danger: Low HP Warning |T2| Reason: 50% HP (31/62)
  7585 | D:8      | Danger: Low HP Warning |T2| Reason: 50% HP (31/62)
  7586 | D:8      | Danger: Low HP Warning |T2| Reason: 51% HP (32/62)
  7878 | D:8      | Reached XP level 10. HP: 55/71 MP: 14/14
  8021 | D:8      | Noticed an orange demon
  8022 | D:8      | Noticed Amaemon
  8023 | D:8      | Danger: Amaemon |T2| Reason: Unique monster, careful!
  8187 | D:8      | Found a shimmering altar of Xom.
  8218 | D:8      | Danger: Low HP Warning |T2| Reason: 53% HP (38/71)
  8219 | D:8      | Danger: Low HP Warning |T2| Reason: 52% HP (37/71)
  8220 | D:8      | Danger: Low HP Warning |T2| Reason: 35% HP (25/71)
  8221 | D:8      | Danger: Low HP Warning |T2| Reason: 35% HP (25/71)
  8222 | D:8      | Danger: Low HP Warning |T2| Reason: 36% HP (26/71)
  8223 | D:8      | Danger: Low HP Warning |T2| Reason: 36% HP (26/71)
  8224 | D:8      | Danger: Low HP Warning |T2| Reason: 36% HP (26/71)
  8225 | D:8      | Danger: Low HP Warning |T2| Reason: 38% HP (27/71)
  8226 | D:8      | Danger: Low HP Warning |T2| Reason: 38% HP (27/71)
  8227 | D:8      | Danger: Low HP Warning |T2| Reason: 39% HP (28/71)
  8228 | D:8      | Danger: Low HP Warning |T2| Reason: 39% HP (28/71)
  8229 | D:8      | Danger: Low HP Warning |T2| Reason: 39% HP (28/71)
  8230 | D:8      | Danger: Low HP Warning |T2| Reason: 40% HP (29/71)
  8231 | D:8      | Danger: Low HP Warning |T2| Reason: 40% HP (29/71)
  8232 | D:8      | Danger: Low HP Warning |T2| Reason: 42% HP (30/71)
  8233 | D:8      | Danger: Low HP Warning |T2| Reason: 42% HP (30/71)
  8234 | D:8      | Danger: Low HP Warning |T2| Reason: 42% HP (30/71)
  8235 | D:8      | Danger: Low HP Warning |T2| Reason: 43% HP (31/71)
  8236 | D:8      | Danger: Low HP Warning |T2| Reason: 43% HP (31/71)
  8237 | D:8      | Danger: Low HP Warning |T2| Reason: 45% HP (32/71)
  8238 | D:8      | Danger: Low HP Warning |T2| Reason: 45% HP (32/71)
  8239 | D:8      | Danger: Low HP Warning |T2| Reason: 46% HP (33/71)
  8387 | D:8      | Reached *** piety under Hepliaklqana
  8601 | D:9      | Reached skill level 10 in Dodging
  8621 | D:9      | Noticed a soul eater
  8705 | D:9      | Noticed a two-headed ogre
  8716 | D:9      | Killed a two-headed ogre
  8885 | D:9      | Danger: Low HP Warning |T2| Reason: 56% HP (37/66)
  8886 | D:9      | Danger: Low HP Warning |T2| Reason: 56% HP (37/66)
  8887 | D:9      | Danger: Low HP Warning |T2| Reason: 56% HP (37/66)
  8888 | D:9      | Danger: Low HP Warning |T2| Reason: 57% HP (38/66)
  8889 | D:9      | Danger: Low HP Warning |T2| Reason: 57% HP (38/66)
  9121 | D:9      | Found an ornate altar of the Wu Jian Council.
  9174 | D:9      | Noticed a two-headed ogre
  9186 | D:9      | Killed a two-headed ogre
  9522 | D:10     | Entered Level 10 of the Dungeon
  9528 | D:10     | Noticed a two-headed ogre
  9537 | D:10     | Reached XP level 11. HP: 66/80 MP: 15/15
  9541 | D:10     | Killed a two-headed ogre
  9542 | D:10     | Reached skill level 10 in Fighting
  9542 | D:10     | Found a staircase to the Orcish Mines.
  9756 | D:10     | Found a transporter.
  9759 | D:10     | Found a transporter.
 10042 | D:10     | Reached **** piety under Hepliaklqana
 10070 | D:10     | Identified a scroll of acquirement
 10072 | D:10     | Acquired the ring "Ronuvacsi" {Fly rPois Int-3 Dex+5}
 10420 | D:10     | Noticed an orc sorcerer
 10422 | D:10     | Noticed a stone giant
 10681 | D:11     | Reached skill level 1 in Shields
 10765 | D:11     | Noticed Psyche
 10766 | D:11     | Danger: Psyche |T2| Reason: Unique monster, careful!
 10775 | D:11     | Killed Psyche
 10886 | D:11     | Found a staircase to the Lair.
 11137 | D:11     | Noticed a two-headed ogre
 11149 | D:11     | Killed a two-headed ogre
 11150 | D:11     | Reached skill level 10 in Short Blades
 11440 | D:12     | Found Onom's Antique Weapon Shoppe.
 11498 | D:12     | Noticed a centaur warrior
 11515 | D:12     | Danger: Low HP Warning |T2| Reason: 43% HP (35/81)
 11516 | D:12     | Killed a centaur warrior
 11937 | D:12     | Reached ***** piety under Hepliaklqana
 12272 | D:12     | Noticed a deep elf pyromancer
 12273 | D:12     | Danger: deep elf pyromancer |T2| Reason: Bolt of Fire and
                  | not rF+, careful
 12273 | D:12     | Danger: deep elf pyromancer |T2| Reason: Bolt of Fire deals
                  | more than 50% MHP!
 12297 | Lair:1   | Entered Level 1 of the Lair of Beasts
 12441 | Lair:1   | Danger: rime drake |T2| Reason: Flash Freeze (3d13) and not
                  | rC+, careful!
 12450 | Lair:1   | Danger: basilisk |T3| Reason: Petrify and low Will
 12451 | Lair:1   | Danger: basilisk |T3| Reason: Petrify and low Will
 12452 | Lair:1   | Danger: basilisk |T3| Reason: Petrify and low Will
 12453 | Lair:1   | Danger: basilisk |T3| Reason: Petrify and low Will
 12454 | Lair:1   | Danger: basilisk |T3| Reason: Petrify and low Will
 12455 | Lair:1   | Danger: basilisk |T3| Reason: Petrify and low Will
 12456 | Lair:1   | Danger: basilisk |T3| Reason: Petrify and low Will
 12457 | Lair:1   | Danger: basilisk |T3| Reason: Petrify and low Will
 12458 | Lair:1   | Danger: basilisk |T3| Reason: Petrify and low Will
 12460 | Lair:1   | Danger: basilisk |T3| Reason: Petrify and low Will
 12579 | Lair:1   | Reached skill level 1 in Invocations
 12615 | Lair:1   | Reached XP level 12. HP: 83/87 MP: 16/16
 12638 | Lair:1   | Danger: Low HP Warning |T2| Reason: 44% HP (39/87)
 12641 | Lair:1   | Danger: Low HP Warning |T2| Reason: 47% HP (41/87)
 12642 | Lair:1   | Danger: Low HP Warning |T2| Reason: 48% HP (42/87)
 12643 | Lair:1   | Danger: Low HP Warning |T2| Reason: 49% HP (43/87)
 12644 | Lair:1   | Danger: Low HP Warning |T2| Reason: 51% HP (45/87)
 12645 | Lair:1   | Danger: Low HP Warning |T2| Reason: 52% HP (46/87)
 12646 | Lair:1   | Danger: Low HP Warning |T2| Reason: 54% HP (47/87)
 12647 | Lair:1   | Danger: Low HP Warning |T2| Reason: 55% HP (48/87)
 12648 | Lair:1   | Danger: Low HP Warning |T2| Reason: 56% HP (49/87)
 13291 | Lair:2   | Danger: Low HP Warning |T2| Reason: 60% HP (53/87)
 13297 | Lair:2   | Danger: Low HP Warning |T2| Reason: 60% HP (53/87)
 13298 | Lair:2   | Reached skill level 5 in Invocations
 13301 | Lair:2   | Danger: Low HP Warning |T2| Reason: 55% HP (48/87)
 13302 | Lair:2   | Danger: Low HP Warning |T2| Reason: 56% HP (49/87)
 13303 | Lair:2   | Danger: Low HP Warning |T2| Reason: 56% HP (49/87)
 13304 | Lair:2   | Danger: Low HP Warning |T2| Reason: 57% HP (50/87)
 13305 | Lair:2   | Danger: Low HP Warning |T2| Reason: 48% HP (42/87)
 13306 | Lair:2   | Danger: Low HP Warning |T2| Reason: 36% HP (32/87)
 13307 | Lair:2   | Danger: Low HP Warning |T2| Reason: 37% HP (33/87)
 13308 | Lair:2   | Danger: Low HP Warning |T2| Reason: 39% HP (34/87)
 13309 | Lair:2   | Danger: Low HP Warning |T2| Reason: 39% HP (34/87)
 13310 | Lair:2   | Danger: Low HP Warning |T2| Reason: 40% HP (35/87)
 13311 | Lair:2   | Danger: Low HP Warning |T2| Reason: 41% HP (36/87)
 13312 | Lair:2   | Danger: Low HP Warning |T2| Reason: 42% HP (37/87)
 13448 | Lair:2   | Danger: basilisk |T3| Reason: Petrify and low Will
 13449 | Lair:2   | Danger: basilisk |T3| Reason: Petrify and low Will
 13450 | Lair:2   | Danger: basilisk |T3| Reason: Petrify and low Will
 13451 | Lair:2   | Danger: basilisk |T3| Reason: Petrify and low Will
 13452 | Lair:2   | Danger: basilisk |T3| Reason: Petrify and low Will
 13453 | Lair:2   | Danger: basilisk |T3| Reason: Petrify and low Will
 13454 | Lair:2   | Danger: basilisk |T3| Reason: Petrify and low Will
 13455 | Lair:2   | Danger: basilisk |T3| Reason: Petrify and low Will
 13456 | Lair:2   | Danger: basilisk |T3| Reason: Petrify and low Will
 13457 | Lair:2   | Danger: basilisk |T3| Reason: Petrify and low Will
 13458 | Lair:2   | Danger: basilisk |T3| Reason: Petrify and low Will
 13459 | Lair:2   | Danger: basilisk |T3| Reason: Petrify and low Will
 13460 | Lair:2   | Danger: basilisk |T3| Reason: Petrify and low Will
 13701 | Lair:2   | Noticed a four-headed hydra
 13702 | Lair:2   | Danger: four-headed hydra |T2| Reason: OOD monster,
                  | careful!
 13709 | Lair:2   | Killed a four-headed hydra
 14025 | Lair:3   | Danger: dream sheep |T2| Reason: Irresistible Dream Dust
                  | (4%), watch out!
 14025 | Lair:3   | Danger: dream sheep |T2| Reason: OOD monster, careful!
 14031 | Lair:3   | Danger: dream sheep |T2| Reason: Irresistible Dream Dust
                  | (68%), watch out!
 14031 | Lair:3   | Danger: dream sheep |T2| Reason: Irresistible Dream Dust
                  | (68%), watch out!
 14031 | Lair:3   | Danger: dream sheep |T2| Reason: OOD monster, careful!
 14031 | Lair:3   | Danger: dream sheep |T2| Reason: Irresistible Dream Dust
                  | (68%), watch out!
 14031 | Lair:3   | Danger: dream sheep |T2| Reason: OOD monster, careful!
 14034 | Lair:3   | Danger: dream sheep |T2| Reason: Irresistible Dream Dust
                  | (76%), watch out!
 14034 | Lair:3   | Danger: dream sheep |T2| Reason: Irresistible Dream Dust
                  | (76%), watch out!
 14034 | Lair:3   | Danger: dream sheep |T2| Reason: Irresistible Dream Dust
                  | (76%), watch out!
 14034 | Lair:3   | Danger: dream sheep |T2| Reason: Irresistible Dream Dust
                  | (76%), watch out!
 14034 | Lair:3   | Danger: dream sheep |T2| Reason: OOD monster, careful!
 14036 | Lair:3   | Danger: dream sheep |T2| Reason: Irresistible Dream Dust
                  | (84%), watch out!
 14036 | Lair:3   | Danger: dream sheep |T2| Reason: Irresistible Dream Dust
                  | (84%), watch out!
 14036 | Lair:3   | Danger: dream sheep |T2| Reason: Irresistible Dream Dust
                  | (84%), watch out!
 14036 | Lair:3   | Danger: dream sheep |T2| Reason: Irresistible Dream Dust
                  | (84%), watch out!
 14036 | Lair:3   | Danger: dream sheep |T2| Reason: Irresistible Dream Dust
                  | (84%), watch out!
 14036 | Lair:3   | Danger: dream sheep |T2| Reason: OOD monster, careful!
 14036 | Lair:3   | Danger: dream sheep |T2| Reason: Irresistible Dream Dust
                  | (84%), watch out!
 14036 | Lair:3   | Danger: dream sheep |T2| Reason: OOD monster, careful!
 14042 | Lair:3   | Danger: dream sheep |T2| Reason: Irresistible Dream Dust
                  | (80.8%), watch out!
 14042 | Lair:3   | Danger: dream sheep |T2| Reason: Irresistible Dream Dust
                  | (80.8%), watch out!
 14042 | Lair:3   | Danger: dream sheep |T2| Reason: Irresistible Dream Dust
                  | (80.8%), watch out!
 14042 | Lair:3   | Danger: dream sheep |T2| Reason: Irresistible Dream Dust
                  | (80.8%), watch out!
 14042 | Lair:3   | Danger: dream sheep |T2| Reason: Irresistible Dream Dust
                  | (80.8%), watch out!
 14045 | Lair:3   | Danger: dream sheep |T2| Reason: Irresistible Dream Dust
                  | (4%), watch out!
 14099 | Lair:3   | Danger: dream sheep |T2| Reason: Irresistible Dream Dust
                  | (4%), watch out!
 14099 | Lair:3   | Danger: dream sheep |T2| Reason: OOD monster, careful!
 14106 | Lair:3   | Danger: dream sheep |T2| Reason: Irresistible Dream Dust
                  | (68%), watch out!
 14106 | Lair:3   | Danger: dream sheep |T2| Reason: OOD monster, careful!
 14106 | Lair:3   | Danger: dream sheep |T2| Reason: Irresistible Dream Dust
                  | (68%), watch out!
 14106 | Lair:3   | Danger: dream sheep |T2| Reason: OOD monster, careful!
 14106 | Lair:3   | Danger: dream sheep |T2| Reason: Irresistible Dream Dust
                  | (68%), watch out!
 14106 | Lair:3   | Danger: dream sheep |T2| Reason: OOD monster, careful!
 14109 | Lair:3   | Danger: dream sheep |T2| Reason: Irresistible Dream Dust
                  | (52%), watch out!
 14109 | Lair:3   | Danger: dream sheep |T2| Reason: Irresistible Dream Dust
                  | (52%), watch out!
 14110 | Lair:3   | Danger: dream sheep |T2| Reason: Irresistible Dream Dust
                  | (4%), watch out!
 14281 | Lair:3   | Danger: Low HP Warning |T2| Reason: 51% HP (45/87)
 14282 | Lair:3   | Danger: Low HP Warning |T2| Reason: 44% HP (39/87)
 14283 | Lair:3   | Danger: Low HP Warning |T2| Reason: 45% HP (40/87)
 14284 | Lair:3   | Danger: Low HP Warning |T2| Reason: 47% HP (41/87)
 14285 | Lair:3   | Danger: Low HP Warning |T2| Reason: 48% HP (42/87)
 14286 | Lair:3   | Danger: Low HP Warning |T2| Reason: 49% HP (43/87)
 14287 | Lair:3   | Danger: Low HP Warning |T2| Reason: 50% HP (44/87)
 14288 | Lair:3   | Danger: Low HP Warning |T2| Reason: 51% HP (45/87)
 14289 | Lair:3   | Danger: Low HP Warning |T2| Reason: 32% HP (28/87)
 14397 | Lair:3   | Reached skill level 10 in Invocations
 14412 | Lair:3   | Noticed a five-headed hydra
 14444 | Lair:3   | Reached XP level 13. HP: 92/92 MP: 20/20
 14577 | Lair:3   | Found a hole to the Spider Nest.
 14578 | Lair:3   | Danger: orb spider |T2| Reason: Orb of Destruction deals
                  | more than 50% MHP!
 14687 | Lair:3   | Danger: Low HP Warning |T2| Reason: 56% HP (52/92)
 14688 | Lair:3   | Danger: Low HP Warning |T2| Reason: 55% HP (51/92)
 14891 | Lair:3   | Found a staircase to the Swamp.
 14958 | Lair:4   | Danger: dream sheep |T2| Reason: Irresistible Dream Dust
                  | (52%), watch out!
 14958 | Lair:4   | Danger: dream sheep |T2| Reason: Irresistible Dream Dust
                  | (52%), watch out!
 14965 | Lair:4   | Danger: dream sheep |T2| Reason: Irresistible Dream Dust
                  | (80.8%), watch out!
 14965 | Lair:4   | Danger: dream sheep |T2| Reason: Irresistible Dream Dust
                  | (80.8%), watch out!
 14965 | Lair:4   | Danger: dream sheep |T2| Reason: Irresistible Dream Dust
                  | (80.8%), watch out!
 14965 | Lair:4   | Danger: dream sheep |T2| Reason: Irresistible Dream Dust
                  | (80.8%), watch out!
 14965 | Lair:4   | Danger: dream sheep |T2| Reason: Irresistible Dream Dust
                  | (80.8%), watch out!
 14966 | Lair:4   | Danger: dream sheep |T2| Reason: Irresistible Dream Dust
                  | (84%), watch out!
 14966 | Lair:4   | Danger: dream sheep |T2| Reason: Irresistible Dream Dust
                  | (84%), watch out!
 14966 | Lair:4   | Danger: dream sheep |T2| Reason: Irresistible Dream Dust
                  | (84%), watch out!
 14966 | Lair:4   | Danger: dream sheep |T2| Reason: Irresistible Dream Dust
                  | (84%), watch out!
 14966 | Lair:4   | Danger: dream sheep |T2| Reason: Irresistible Dream Dust
                  | (84%), watch out!
 14966 | Lair:4   | Danger: dream sheep |T2| Reason: Irresistible Dream Dust
                  | (84%), watch out!
 14967 | Lair:4   | Danger: dream sheep |T2| Reason: Irresistible Dream Dust
                  | (52%), watch out!
 14967 | Lair:4   | Danger: dream sheep |T2| Reason: Irresistible Dream Dust
                  | (52%), watch out!
 14969 | Lair:4   | Danger: dream sheep |T2| Reason: Irresistible Dream Dust
                  | (76%), watch out!
 14969 | Lair:4   | Danger: dream sheep |T2| Reason: Irresistible Dream Dust
                  | (76%), watch out!
 14969 | Lair:4   | Danger: dream sheep |T2| Reason: Irresistible Dream Dust
                  | (76%), watch out!
 14969 | Lair:4   | Danger: dream sheep |T2| Reason: Irresistible Dream Dust
                  | (76%), watch out!
 15043 | Lair:4   | Found a staircase to the Slime Pits.
 15045 | Lair:4   | Found a viscous altar of Jiyva.
 15123 | Lair:4   | Danger: Low HP Warning |T2| Reason: 52% HP (48/92)
 15124 | Lair:4   | Danger: Low HP Warning |T2| Reason: 53% HP (49/92)
 15125 | Lair:4   | Danger: Low HP Warning |T2| Reason: 54% HP (50/92)
 15126 | Lair:4   | Danger: Low HP Warning |T2| Reason: 55% HP (51/92)
 15127 | Lair:4   | Danger: Low HP Warning |T2| Reason: 56% HP (52/92)
 15128 | Lair:4   | Danger: Low HP Warning |T2| Reason: 57% HP (53/92)
 15129 | Lair:4   | Danger: Low HP Warning |T2| Reason: 58% HP (54/92)
 15130 | Lair:4   | Danger: Low HP Warning |T2| Reason: 59% HP (55/92)
 15131 | Lair:4   | Danger: Low HP Warning |T2| Reason: 60% HP (56/92)
 15134 | Lair:4   | Danger: Low HP Warning |T2| Reason: 53% HP (49/92)
 15135 | Lair:4   | Danger: Low HP Warning |T2| Reason: 54% HP (50/92)
 15136 | Lair:4   | Danger: Low HP Warning |T2| Reason: 55% HP (51/92)
 15138 | Lair:4   | Danger: Low HP Warning |T2| Reason: 57% HP (53/92)
 15139 | Lair:4   | Danger: Low HP Warning |T2| Reason: 58% HP (54/92)
 15140 | Lair:4   | Danger: Low HP Warning |T2| Reason: 60% HP (56/92)
 15162 | Lair:4   | Identified the +5 spear "Rioduikh" {spect, rCorr Str+5}
 15277 | Lair:4   | Danger: dream sheep |T2| Reason: Irresistible Dream Dust
                  | (52%), watch out!
 15277 | Lair:4   | Danger: dream sheep |T2| Reason: Irresistible Dream Dust
                  | (52%), watch out!
 15278 | Lair:4   | Danger: dream sheep |T2| Reason: Irresistible Dream Dust
                  | (4%), watch out!
 15280 | Lair:4   | Danger: dream sheep |T2| Reason: Irresistible Dream Dust
                  | (52%), watch out!
 15280 | Lair:4   | Danger: dream sheep |T2| Reason: Irresistible Dream Dust
                  | (52%), watch out!
 15325 | Lair:4   | Danger: dream sheep |T2| Reason: Irresistible Dream Dust
                  | (4%), watch out!
 15326 | Lair:4   | Danger: dream sheep |T2| Reason: Irresistible Dream Dust
                  | (52%), watch out!
 15326 | Lair:4   | Danger: dream sheep |T2| Reason: Irresistible Dream Dust
                  | (52%), watch out!
 15330 | Lair:4   | Danger: dream sheep |T2| Reason: Irresistible Dream Dust
                  | (76%), watch out!
 15330 | Lair:4   | Danger: dream sheep |T2| Reason: Irresistible Dream Dust
                  | (76%), watch out!
 15330 | Lair:4   | Danger: dream sheep |T2| Reason: Irresistible Dream Dust
                  | (76%), watch out!
 15330 | Lair:4   | Danger: dream sheep |T2| Reason: Irresistible Dream Dust
                  | (76%), watch out!
 15343 | Lair:4   | Danger: dream sheep |T2| Reason: Irresistible Dream Dust
                  | (68%), watch out!
 15343 | Lair:4   | Danger: dream sheep |T2| Reason: Irresistible Dream Dust
                  | (68%), watch out!
 15343 | Lair:4   | Danger: dream sheep |T2| Reason: Irresistible Dream Dust
                  | (68%), watch out!
 15344 | Lair:4   | Danger: dream sheep |T2| Reason: Irresistible Dream Dust
                  | (52%), watch out!
 15344 | Lair:4   | Danger: dream sheep |T2| Reason: Irresistible Dream Dust
                  | (52%), watch out!
 15347 | Lair:4   | Danger: dream sheep |T2| Reason: Irresistible Dream Dust
                  | (4%), watch out!
 15394 | Lair:4   | Danger: Low HP Warning |T2| Reason: 58% HP (54/92)
 15395 | Lair:4   | Danger: Low HP Warning |T2| Reason: 42% HP (39/92)
 15396 | Lair:4   | Danger: Low HP Warning |T3| Reason: 23% HP (22/92)
 15397 | Lair:4   | Danger: Low HP Warning |T2| Reason: 46% HP (43/92)
 15398 | Lair:4   | Danger: Low HP Warning |T2| Reason: 47% HP (44/92)
 15399 | Lair:4   | Danger: Low HP Warning |T2| Reason: 48% HP (45/92)
 15400 | Lair:4   | Danger: Low HP Warning |T2| Reason: 35% HP (33/92)
 15401 | Lair:4   | Danger: Low HP Warning |T2| Reason: 35% HP (33/92)
 15402 | Lair:4   | Danger: Low HP Warning |T2| Reason: 35% HP (33/92)
 15403 | Lair:4   | Danger: Low HP Warning |T2| Reason: 36% HP (34/92)
 15404 | Lair:4   | Danger: Low HP Warning |T2| Reason: 36% HP (34/92)
 16066 | Lair:4   | Danger: Low HP Warning |T2| Reason: 30% HP (28/92)
 16126 | Lair:5   | Entered Level 5 of the Lair of Beasts
 16206 | Lair:5   | Reached skill level 10 in Stealth
 16279 | Lair:5   | Danger: rime drake |T2| Reason: Flash Freeze (3d13) and not
                  | rC+, careful!
 16304 | Lair:5   | Danger: rime drake |T2| Reason: Flash Freeze (3d13) and not
                  | rC+, careful!
 16307 | Lair:5   | Danger: rime drake |T2| Reason: Flash Freeze (3d13) and not
                  | rC+, careful!
 16349 | Lair:5   | Reached XP level 14. HP: 93/99 MP: 23/23
 16383 | Lair:5   | Danger: dream sheep |T2| Reason: Irresistible Dream Dust
                  | (4%), watch out!
 16389 | Lair:5   | Danger: dream sheep |T2| Reason: Irresistible Dream Dust
                  | (52%), watch out!
 16389 | Lair:5   | Danger: dream sheep |T2| Reason: Irresistible Dream Dust
                  | (52%), watch out!
 16394 | Lair:5   | Danger: dream sheep |T2| Reason: Irresistible Dream Dust
                  | (76%), watch out!
 16394 | Lair:5   | Danger: dream sheep |T2| Reason: Irresistible Dream Dust
                  | (76%), watch out!
 16394 | Lair:5   | Danger: dream sheep |T2| Reason: Irresistible Dream Dust
                  | (76%), watch out!
 16394 | Lair:5   | Danger: dream sheep |T2| Reason: Irresistible Dream Dust
                  | (76%), watch out!
 16396 | Lair:5   | Danger: dream sheep |T2| Reason: Irresistible Dream Dust
                  | (4%), watch out!
 16397 | Lair:5   | Danger: basilisk |T3| Reason: Petrify and low Will
 16397 | Lair:5   | Danger: dream sheep |T2| Reason: Irresistible Dream Dust
                  | (84%), watch out!
 16397 | Lair:5   | Danger: dream sheep |T2| Reason: Irresistible Dream Dust
                  | (84%), watch out!
 16397 | Lair:5   | Danger: dream sheep |T2| Reason: Irresistible Dream Dust
                  | (84%), watch out!
 16397 | Lair:5   | Danger: dream sheep |T2| Reason: Irresistible Dream Dust
                  | (84%), watch out!
 16397 | Lair:5   | Danger: dream sheep |T2| Reason: Irresistible Dream Dust
                  | (84%), watch out!
 16397 | Lair:5   | Danger: dream sheep |T2| Reason: Irresistible Dream Dust
                  | (84%), watch out!
 16397 | Lair:5   | Danger: dream sheep |T2| Reason: Irresistible Dream Dust
                  | (84%), watch out!
 16399 | Lair:5   | Danger: basilisk |T3| Reason: Petrify and low Will
 16400 | Lair:5   | Danger: dream sheep |T2| Reason: Irresistible Dream Dust
                  | (80.8%), watch out!
 16400 | Lair:5   | Danger: dream sheep |T2| Reason: Irresistible Dream Dust
                  | (80.8%), watch out!
 16400 | Lair:5   | Danger: dream sheep |T2| Reason: Irresistible Dream Dust
                  | (80.8%), watch out!
 16400 | Lair:5   | Danger: dream sheep |T2| Reason: Irresistible Dream Dust
                  | (80.8%), watch out!
 16400 | Lair:5   | Danger: dream sheep |T2| Reason: Irresistible Dream Dust
                  | (80.8%), watch out!
 16401 | Lair:5   | Danger: dream sheep |T2| Reason: Irresistible Dream Dust
                  | (68%), watch out!
 16401 | Lair:5   | Danger: dream sheep |T2| Reason: Irresistible Dream Dust
                  | (68%), watch out!
 16401 | Lair:5   | Danger: dream sheep |T2| Reason: Irresistible Dream Dust
                  | (68%), watch out!
 16404 | Lair:5   | Danger: dream sheep |T2| Reason: Irresistible Dream Dust
                  | (52%), watch out!
 16404 | Lair:5   | Danger: dream sheep |T2| Reason: Irresistible Dream Dust
                  | (52%), watch out!
 16405 | Lair:5   | Danger: dream sheep |T2| Reason: Irresistible Dream Dust
                  | (4%), watch out!
 16407 | Lair:5   | Danger: basilisk |T3| Reason: Petrify and low Will
 16407 | Lair:5   | Danger: dream sheep |T2| Reason: Irresistible Dream Dust
                  | (52%), watch out!
 16407 | Lair:5   | Danger: dream sheep |T2| Reason: Irresistible Dream Dust
                  | (52%), watch out!
 16409 | Lair:5   | Danger: dream sheep |T2| Reason: Irresistible Dream Dust
                  | (4%), watch out!
 16413 | Lair:5   | Danger: basilisk |T3| Reason: Petrify and low Will
 16414 | Lair:5   | Danger: dream sheep |T2| Reason: Irresistible Dream Dust
                  | (52%), watch out!
 16414 | Lair:5   | Danger: dream sheep |T2| Reason: Irresistible Dream Dust
                  | (52%), watch out!
 16414 | Lair:5   | Danger: basilisk |T3| Reason: Petrify and low Will
 16416 | Lair:5   | Danger: dream sheep |T2| Reason: Irresistible Dream Dust
                  | (4%), watch out!
 16416 | Lair:5   | Danger: basilisk |T3| Reason: Petrify and low Will
 16417 | Lair:5   | Danger: basilisk |T3| Reason: Petrify and low Will
 16418 | Lair:5   | Danger: dream sheep |T2| Reason: Irresistible Dream Dust
                  | (52%), watch out!
 16418 | Lair:5   | Danger: dream sheep |T2| Reason: Irresistible Dream Dust
                  | (52%), watch out!
 16418 | Lair:5   | Danger: basilisk |T3| Reason: Petrify and low Will
 16419 | Lair:5   | Danger: dream sheep |T2| Reason: Irresistible Dream Dust
                  | (68%), watch out!
 16419 | Lair:5   | Danger: dream sheep |T2| Reason: Irresistible Dream Dust
                  | (68%), watch out!
 16419 | Lair:5   | Danger: dream sheep |T2| Reason: Irresistible Dream Dust
                  | (68%), watch out!
 16419 | Lair:5   | Danger: basilisk |T3| Reason: Petrify and low Will
 16420 | Lair:5   | Danger: dream sheep |T2| Reason: Irresistible Dream Dust
                  | (52%), watch out!
 16420 | Lair:5   | Danger: dream sheep |T2| Reason: Irresistible Dream Dust
                  | (52%), watch out!
 16423 | Lair:5   | Danger: dream sheep |T2| Reason: Irresistible Dream Dust
                  | (4%), watch out!
 16424 | Lair:5   | Danger: basilisk |T3| Reason: Petrify and low Will
 16425 | Lair:5   | Danger: basilisk |T3| Reason: Petrify and low Will
 16426 | Lair:5   | Danger: basilisk |T3| Reason: Petrify and low Will
 16427 | Lair:5   | Danger: dream sheep |T2| Reason: Irresistible Dream Dust
                  | (4%), watch out!
 16427 | Lair:5   | Danger: basilisk |T3| Reason: Petrify and low Will
 16428 | Lair:5   | Danger: basilisk |T3| Reason: Petrify and low Will
 16429 | Lair:5   | Danger: basilisk |T3| Reason: Petrify and low Will
 16432 | Lair:5   | Danger: dream sheep |T2| Reason: Irresistible Dream Dust
                  | (4%), watch out!
 16432 | Lair:5   | Danger: basilisk |T3| Reason: Petrify and low Will
 16433 | Lair:5   | Danger: basilisk |T3| Reason: Petrify and low Will
 16434 | Lair:5   | Danger: basilisk |T3| Reason: Petrify and low Will
 16435 | Lair:5   | Danger: basilisk |T3| Reason: Petrify and low Will
 16436 | Lair:5   | Danger: basilisk |T3| Reason: Petrify and low Will
 16437 | Lair:5   | Danger: basilisk |T3| Reason: Petrify and low Will
 16438 | Lair:5   | Danger: basilisk |T3| Reason: Petrify and low Will
 16439 | Lair:5   | Danger: basilisk |T3| Reason: Petrify and low Will
 16443 | Lair:5   | Danger: dream sheep |T2| Reason: Irresistible Dream Dust
                  | (4%), watch out!
 16649 | Lair:5   | Danger: rime drake |T2| Reason: Flash Freeze (3d13) and not
                  | rC+, careful!
 16694 | Lair:5   | Danger: Low HP Warning |T2| Reason: 54% HP (54/99)
 16695 | Lair:5   | Danger: Low HP Warning |T2| Reason: 43% HP (43/99)
 16696 | Lair:5   | Danger: Low HP Warning |T2| Reason: 44% HP (44/99)
 16697 | Lair:5   | Danger: Low HP Warning |T2| Reason: 45% HP (45/99)
 16698 | Lair:5   | Danger: Low HP Warning |T2| Reason: 47% HP (47/99)
 16699 | Lair:5   | Danger: Low HP Warning |T2| Reason: 48% HP (48/99)
 16700 | Lair:5   | Danger: Low HP Warning |T2| Reason: 50% HP (50/99)
 16933 | Lair:5   | Identified the +0 leather armour of Qotadir {rN+ Stlth+}
 16980 | Lair:5   | Danger: basilisk |T3| Reason: Petrify and low Will
 16985 | Lair:5   | Danger: basilisk |T3| Reason: Petrify and low Will
 16986 | Lair:5   | Danger: basilisk |T3| Reason: Petrify and low Will
 16991 | Lair:5   | Danger: basilisk |T3| Reason: Petrify and low Will
 16992 | Lair:5   | Danger: basilisk |T3| Reason: Petrify and low Will
 16993 | Lair:5   | Danger: basilisk |T3| Reason: Petrify and low Will
 16994 | Lair:5   | Danger: basilisk |T3| Reason: Petrify and low Will
 16995 | Lair:5   | Danger: basilisk |T3| Reason: Petrify and low Will
 16996 | Lair:5   | Danger: basilisk |T3| Reason: Petrify and low Will
 16997 | Lair:5   | Danger: basilisk |T3| Reason: Petrify and low Will
 16998 | Lair:5   | Danger: basilisk |T3| Reason: Petrify and low Will
 16999 | Lair:5   | Danger: basilisk |T3| Reason: Petrify and low Will
 17000 | Lair:5   | Danger: basilisk |T3| Reason: Petrify and low Will
 17001 | Lair:5   | Danger: basilisk |T3| Reason: Petrify and low Will
 17203 | Lair:5   | Danger: basilisk |T3| Reason: Petrify and low Will
 17204 | Lair:5   | Danger: basilisk |T3| Reason: Petrify and low Will
 17205 | Lair:5   | Danger: basilisk |T3| Reason: Petrify and low Will
 17206 | Lair:5   | Danger: basilisk |T3| Reason: Petrify and low Will
 17207 | Lair:5   | Danger: basilisk |T3| Reason: Petrify and low Will
 17209 | Lair:5   | Danger: basilisk |T3| Reason: Petrify and low Will
 17211 | Lair:5   | Danger: basilisk |T3| Reason: Petrify and low Will
 17215 | Lair:5   | Danger: basilisk |T3| Reason: Petrify and low Will
 17733 | Lair:5   | Found a corrupted altar of Lugonu.
 17733 | Lair:5   | Found a one-way gate to the infinite horrors of the Abyss.
 18200 | D:8      | Danger: Amaemon |T2| Reason: Unique monster, careful!
 18213 | D:8      | Killed Amaemon
 18274 | D:7      | Danger: gargoyle |T2| Reason: OOD monster, careful!
 18875 | D:12     | Danger: deep elf pyromancer |T2| Reason: Bolt of Fire and
                  | not rF+, careful
 18875 | D:12     | Danger: deep elf pyromancer |T2| Reason: Bolt of Fire deals
                  | more than 50% MHP!
 18956 | D:12     | Found Zoevvumi's Jewellery Emporium.
 19375 | D:13     | Danger: cyclops |T2| Reason: Quivering large rocks, watch
                  | out!!
 19387 | D:13     | Danger: Low HP Warning |T2| Reason: 60% HP (60/99)
 19388 | D:13     | Danger: Low HP Warning |T2| Reason: 58% HP (58/99)
 19389 | D:13     | Danger: Low HP Warning |T2| Reason: 59% HP (59/99)
 19446 | D:13     | Reached skill level 5 in Shields
 19454 | D:12     | Danger: skeletal warrior |T2| Reason: OOD monster, careful!
 19774 | D:13     | Danger: cyclops |T2| Reason: Quivering large rocks, watch
                  | out!!
 20019 | D:13     | Danger: cyclops |T2| Reason: Quivering large rocks, watch
                  | out!!
 20080 | D:13     | Danger: Low HP Warning |T2| Reason: 55% HP (55/99)
 20081 | D:13     | Danger: Low HP Warning |T2| Reason: 48% HP (48/99)
 20082 | D:13     | Danger: Low HP Warning |T2| Reason: 49% HP (49/99)
 20083 | D:13     | Danger: Low HP Warning |T2| Reason: 49% HP (49/99)
 20084 | D:13     | Danger: Low HP Warning |T2| Reason: 50% HP (50/99)
 20085 | D:13     | Danger: Low HP Warning |T2| Reason: 51% HP (51/99)
 20086 | D:13     | Danger: Low HP Warning |T2| Reason: 52% HP (52/99)
 20087 | D:13     | Danger: Low HP Warning |T2| Reason: 53% HP (53/99)
 20088 | D:13     | Danger: Low HP Warning |T2| Reason: 43% HP (43/99)
 20089 | D:13     | Danger: Low HP Warning |T2| Reason: 44% HP (44/99)
 20090 | D:13     | Danger: Low HP Warning |T2| Reason: 46% HP (46/99)
 20091 | D:13     | Danger: Low HP Warning |T2| Reason: 47% HP (47/99)
 20092 | D:13     | Danger: Low HP Warning |T2| Reason: 48% HP (48/99)
 20093 | D:13     | Danger: Low HP Warning |T2| Reason: 49% HP (49/99)
 20094 | D:13     | Danger: Low HP Warning |T2| Reason: 49% HP (49/99)
 20095 | D:13     | Danger: Low HP Warning |T2| Reason: 50% HP (50/99)
 20096 | D:13     | Danger: Low HP Warning |T2| Reason: 51% HP (51/99)
 20097 | D:13     | Danger: Low HP Warning |T2| Reason: 52% HP (52/99)
 20098 | D:13     | Danger: Low HP Warning |T2| Reason: 52% HP (52/99)
 20099 | D:13     | Danger: Low HP Warning |T2| Reason: 53% HP (53/99)
 20100 | D:13     | Danger: Low HP Warning |T2| Reason: 54% HP (54/99)
 20101 | D:13     | Danger: Low HP Warning |T3| Reason: 25% HP (24/95)
 20455 | D:14     | Danger: deep elf pyromancer |T2| Reason: Bolt of Fire and
                  | not rF+, careful
 20455 | D:14     | Danger: deep elf pyromancer |T2| Reason: Bolt of Fire deals
                  | more than 50% MHP!
 20554 | D:14     | Found a gate to the Vaults.
 20555 | D:14     | Danger: vault guard |T3| Reason: wielding holy wrath while
                  | unholy, watch out!!
 20556 | D:14     | Danger: vault guard |T3| Reason: wielding holy wrath while
                  | unholy, watch out!!
 20557 | D:14     | Danger: vault guard |T3| Reason: wielding holy wrath while
                  | unholy, watch out!!
 20558 | D:14     | Danger: vault guard |T3| Reason: wielding holy wrath while
                  | unholy, watch out!!
 20559 | D:14     | Danger: vault guard |T3| Reason: wielding holy wrath while
                  | unholy, watch out!!
 20560 | D:14     | Danger: vault guard |T3| Reason: wielding holy wrath while
                  | unholy, watch out!!
 20561 | D:14     | Danger: vault guard |T3| Reason: wielding holy wrath while
                  | unholy, watch out!!
 20562 | D:14     | Danger: vault guard |T3| Reason: wielding holy wrath while
                  | unholy, watch out!!
 20563 | D:14     | Danger: vault guard |T3| Reason: wielding holy wrath while
                  | unholy, watch out!!
 20564 | D:14     | Danger: vault guard |T3| Reason: wielding holy wrath while
                  | unholy, watch out!!
 20565 | D:14     | Danger: vault guard |T3| Reason: wielding holy wrath while
                  | unholy, watch out!!
 20566 | D:14     | Danger: vault guard |T3| Reason: wielding holy wrath while
                  | unholy, watch out!!
 20567 | D:14     | Danger: vault guard |T3| Reason: wielding holy wrath while
                  | unholy, watch out!!
 20568 | D:14     | Danger: vault guard |T3| Reason: wielding holy wrath while
                  | unholy, watch out!!
 20569 | D:14     | Danger: vault guard |T3| Reason: wielding holy wrath while
                  | unholy, watch out!!
 20570 | D:14     | Danger: vault guard |T3| Reason: wielding holy wrath while
                  | unholy, watch out!!
 20571 | D:14     | Danger: vault guard |T3| Reason: wielding holy wrath while
                  | unholy, watch out!!
 20572 | D:14     | Danger: vault guard |T3| Reason: wielding holy wrath while
                  | unholy, watch out!!
 20573 | D:14     | Danger: vault guard |T3| Reason: wielding holy wrath while
                  | unholy, watch out!!
 20574 | D:14     | Danger: vault guard |T3| Reason: wielding holy wrath while
                  | unholy, watch out!!
 20575 | D:14     | Danger: vault guard |T3| Reason: wielding holy wrath while
                  | unholy, watch out!!
 20576 | D:14     | Danger: vault guard |T3| Reason: wielding holy wrath while
                  | unholy, watch out!!
 20577 | D:14     | Danger: vault guard |T3| Reason: wielding holy wrath while
                  | unholy, watch out!!
 20578 | D:14     | Danger: vault guard |T3| Reason: wielding holy wrath while
                  | unholy, watch out!!
 20579 | D:14     | Danger: vault guard |T3| Reason: wielding holy wrath while
                  | unholy, watch out!!
 20580 | D:14     | Danger: vault guard |T3| Reason: wielding holy wrath while
                  | unholy, watch out!!
 20581 | D:14     | Danger: vault guard |T3| Reason: wielding holy wrath while
                  | unholy, watch out!!
 20582 | D:14     | Danger: vault guard |T3| Reason: wielding holy wrath while
                  | unholy, watch out!!
 20583 | D:14     | Danger: vault guard |T3| Reason: wielding holy wrath while
                  | unholy, watch out!!
 20584 | D:14     | Danger: vault guard |T3| Reason: wielding holy wrath while
                  | unholy, watch out!!
 20585 | D:14     | Danger: vault guard |T3| Reason: wielding holy wrath while
                  | unholy, watch out!!
 20586 | D:14     | Danger: vault guard |T3| Reason: wielding holy wrath while
                  | unholy, watch out!!
 20586 | D:14     | Danger: Low HP Warning |T2| Reason: 40% HP (40/99)
 20587 | D:14     | Danger: vault guard |T3| Reason: wielding holy wrath while
                  | unholy, watch out!!
 20587 | D:14     | Danger: Low HP Warning |T2| Reason: 41% HP (41/99)
 20588 | D:14     | Danger: vault guard |T3| Reason: wielding holy wrath while
                  | unholy, watch out!!
 20588 | D:14     | Danger: Low HP Warning |T2| Reason: 43% HP (43/99)
 20591 | D:14     | Danger: Low HP Warning |T2| Reason: 47% HP (47/99)
 20592 | D:14     | Danger: Low HP Warning |T2| Reason: 48% HP (48/99)
 20593 | D:14     | Danger: Low HP Warning |T2| Reason: 49% HP (49/99)
 20596 | D:14     | Danger: Low HP Warning |T2| Reason: 53% HP (53/99)
 20597 | D:14     | Danger: Low HP Warning |T2| Reason: 55% HP (55/99)
 20598 | D:14     | Danger: Low HP Warning |T2| Reason: 56% HP (56/99)
 20599 | D:14     | Danger: Low HP Warning |T2| Reason: 58% HP (58/99)
 20600 | D:14     | Danger: Low HP Warning |T2| Reason: 59% HP (59/99)
 20601 | D:14     | Danger: Low HP Warning |T2| Reason: 60% HP (60/99)
 20785 | D:14     | Danger: fire dragon |T2| Reason: OOD monster, careful!
 20785 | D:14     | Danger: fire dragon |T2| Reason: Fire Breath and not rF+,
                  | careful
 20785 | D:14     | Danger: fire dragon |T2| Reason: Fire Breath deals more
                  | than 50% MHP!
 20791 | D:14     | Danger: freezing wraith |T2| Reason: OOD monster, careful!
 20791 | D:14     | Danger: Low HP Warning |T2| Reason: 49% HP (49/99)
 20792 | D:14     | Danger: Low HP Warning |T2| Reason: 50% HP (50/99)
 20793 | D:14     | Danger: Low HP Warning |T2| Reason: 51% HP (51/99)
 20794 | D:14     | Danger: Low HP Warning |T2| Reason: 51% HP (51/99)
 20795 | D:14     | Danger: Low HP Warning |T2| Reason: 48% HP (48/99)
 20796 | D:14     | Danger: Low HP Warning |T2| Reason: 49% HP (49/99)
 20797 | D:14     | Danger: Low HP Warning |T2| Reason: 50% HP (50/99)
 20798 | D:14     | Danger: Low HP Warning |T2| Reason: 50% HP (50/99)
 20799 | D:14     | Danger: Low HP Warning |T2| Reason: 51% HP (51/99)
 20801 | D:14     | Danger: Low HP Warning |T2| Reason: 52% HP (52/99)
 20802 | D:14     | Danger: Low HP Warning |T2| Reason: 53% HP (53/99)
 20803 | D:14     | Danger: Low HP Warning |T2| Reason: 54% HP (54/99)
 20804 | D:14     | Danger: Low HP Warning |T2| Reason: 55% HP (55/99)
 20805 | D:14     | Danger: Low HP Warning |T2| Reason: 56% HP (56/99)
 20806 | D:14     | Danger: Low HP Warning |T2| Reason: 58% HP (58/99)
 20807 | D:14     | Reached XP level 15. HP: 61/103 MP: 21/24
 20937 | D:14     | Danger: vault guard |T3| Reason: wielding holy wrath while
                  | unholy, watch out!!
 20938 | D:14     | Danger: vault guard |T3| Reason: wielding holy wrath while
                  | unholy, watch out!!
 20939 | D:14     | Danger: vault guard |T3| Reason: wielding holy wrath while
                  | unholy, watch out!!
 20940 | D:14     | Danger: vault guard |T3| Reason: wielding holy wrath while
                  | unholy, watch out!!
 20941 | D:14     | Danger: vault guard |T3| Reason: wielding holy wrath while
                  | unholy, watch out!!
 20942 | D:14     | Danger: vault guard |T3| Reason: wielding holy wrath while
                  | unholy, watch out!!
 21698 | D:15     | Entered Level 15 of the Dungeon
 21699 | D:15     | Danger: basilisk |T3| Reason: Petrify and low Will
 21699 | D:15     | Danger: efreet |T2| Reason: Fireball and not rF+, careful
 21699 | D:15     | Danger: efreet |T2| Reason: Bolt of Fire and not rF+,
                  | careful
 21749 | D:15     | Danger: basilisk |T3| Reason: Petrify and low Will
 21750 | D:15     | Danger: necromancer |T2| Reason: OOD monster, careful!
 21750 | D:15     | Danger: necromancer |T2| Reason: Bolt of Draining deals
                  | more than 50% MHP!
 21750 | D:15     | Danger: basilisk |T3| Reason: Petrify and low Will
 21751 | D:15     | Found a staircase to the Depths.
 21752 | D:15     | Danger: phantasmal warrior |T2| Reason: OOD monster,
                  | careful!
 21752 | D:15     | Danger: basilisk |T3| Reason: Petrify and low Will
 21753 | D:15     | Danger: necromancer |T2| Reason: OOD monster, careful!
 21753 | D:15     | Danger: necromancer |T2| Reason: Bolt of Draining deals
                  | more than 50% MHP!
 21753 | D:15     | Danger: basilisk |T3| Reason: Petrify and low Will
 21754 | D:15     | Danger: basilisk |T3| Reason: Petrify and low Will
 21755 | D:15     | Danger: efreet |T2| Reason: Fireball and not rF+, careful
 21755 | D:15     | Danger: efreet |T2| Reason: Bolt of Fire and not rF+,
                  | careful
 21755 | D:15     | Danger: basilisk |T3| Reason: Petrify and low Will
 21755 | D:15     | Danger: basilisk |T3| Reason: Petrify and low Will
 21756 | D:15     | Danger: basilisk |T3| Reason: Petrify and low Will
 21771 | D:15     | Danger: basilisk |T3| Reason: Petrify and low Will
 21771 | D:15     | Danger: centaur |T2| Reason: carrying a wand of polymorph
                  | (8), careful!
 21771 | D:15     | Danger: basilisk |T3| Reason: Petrify and low Will
 21828 | D:15     | Danger: basilisk |T3| Reason: Petrify and low Will
 21828 | D:15     | Danger: basilisk |T3| Reason: Petrify and low Will
 21828 | D:15     | Danger: centaur |T2| Reason: carrying a wand of polymorph
                  | (7), careful!
 21829 | D:15     | Danger: efreet |T2| Reason: Fireball and not rF+, careful
 21829 | D:15     | Danger: efreet |T2| Reason: Bolt of Fire and not rF+,
                  | careful
 21829 | D:15     | Danger: basilisk |T3| Reason: Petrify and low Will
 21829 | D:15     | Danger: basilisk |T3| Reason: Petrify and low Will
 21848 | D:15     | Danger: efreet |T2| Reason: Fireball and not rF+, careful
 21848 | D:15     | Danger: efreet |T2| Reason: Bolt of Fire and not rF+,
                  | careful
 21848 | D:15     | Danger: basilisk |T3| Reason: Petrify and low Will
 21849 | D:15     | Danger: basilisk |T3| Reason: Petrify and low Will
 21850 | D:15     | Danger: basilisk |T3| Reason: Petrify and low Will
 21851 | D:15     | Danger: basilisk |T3| Reason: Petrify and low Will
 21852 | D:15     | Danger: basilisk |T3| Reason: Petrify and low Will
 21853 | D:15     | Danger: basilisk |T3| Reason: Petrify and low Will
 21981 | D:15     | Danger: necromancer |T2| Reason: OOD monster, careful!
 21981 | D:15     | Danger: necromancer |T2| Reason: Bolt of Draining deals
                  | more than 50% MHP!
 22282 | D:15     | Danger: efreet |T2| Reason: Fireball and not rF+, careful
 22282 | D:15     | Danger: efreet |T2| Reason: Bolt of Fire and not rF+,
                  | careful
 22430 | Orc:1    | Entered Level 1 of the Orcish Mines
 22431 | Orc:1    | Danger: cyclops |T2| Reason: Quivering large rocks, watch
                  | out!!
 22500 | Orc:1    | Danger: cyclops |T2| Reason: Quivering large rocks, watch
                  | out!!
 22503 | Orc:1    | Danger: cyclops |T2| Reason: Quivering large rocks, watch
                  | out!!
 22530 | Orc:1    | Danger: cyclops |T2| Reason: Quivering large rocks, watch
                  | out!!
 22575 | Orc:1    | Danger: cyclops |T2| Reason: Quivering large rocks, watch
                  | out!!
 22590 | Orc:1    | Danger: cyclops |T2| Reason: Quivering large rocks, watch
                  | out!!
 22701 | Orc:1    | Found Luschosyo's Firing Range.
 23098 | Orc:1    | Danger: cyclops |T2| Reason: Quivering large rocks, watch
                  | out!!
 23098 | Orc:1    | Danger: cyclops |T2| Reason: Quivering large rocks, watch
                  | out!!
 23104 | Orc:1    | Danger: cyclops |T2| Reason: Quivering large rocks, watch
                  | out!!
 23106 | Orc:1    | Danger: cyclops |T2| Reason: Quivering large rocks, watch
                  | out!!
 23109 | Orc:1    | Danger: cyclops |T2| Reason: Quivering large rocks, watch
                  | out!!
 23114 | Orc:1    | Danger: cyclops |T2| Reason: Quivering large rocks, watch
                  | out!!
 23122 | Orc:1    | Danger: Low HP Warning |T2| Reason: 41% HP (45/109)
 23123 | Orc:1    | Danger: cyclops |T2| Reason: Quivering large rocks, watch
                  | out!!
 23123 | Orc:1    | Danger: Low HP Warning |T2| Reason: 42% HP (46/109)
 23124 | Orc:1    | Danger: Low HP Warning |T2| Reason: 43% HP (47/109)
 23125 | Orc:1    | Danger: Low HP Warning |T2| Reason: 31% HP (34/109)
 23126 | Orc:1    | Danger: Low HP Warning |T2| Reason: 32% HP (35/109)
 23127 | Orc:1    | Danger: cyclops |T2| Reason: Quivering large rocks, watch
                  | out!!
 23127 | Orc:1    | Danger: Low HP Warning |T2| Reason: 33% HP (36/109)
 23128 | Orc:1    | Danger: Low HP Warning |T2| Reason: 34% HP (38/109)
 23129 | Orc:1    | Danger: cyclops |T2| Reason: Quivering large rocks, watch
                  | out!!
 23129 | Orc:1    | Danger: Low HP Warning |T2| Reason: 35% HP (39/109)
 23129 | Orc:1    | Hit by a large rock thrown by a cyclops

Illustrated notes

Levels and vault maps discovered:
D:1:      onia_arrival_pyramid, layout_loops_ring, minmay_misc_feat_plants
D:2:      layout_loops_ring, serial_shops, shop, minmay_three_crescents
D:3:      layout_basic
D:4:      layout_basic, minmay_temple_entry_overgrown, gup_sewer_entry_bubbles,
          st_stairs_5, uniq_crazy_yiuf_cottage, uniq_ijyb
D:5:      layout_cave_pods, st_stairs_4, bh_walls_and_bars
D:6:      layout_rooms, xom_butterflies, mainiacjoe_overflow_alcove_1
D:7:      layout_rooms, grunt_dithmenos_smoke_and_mirrors, serial_shops,
          nicolae_shop_waterfront
D:8:      layout_cave_pods, minmay_ruined_shrine, uniq_amaemon
D:9:      layout_irregular_city, pdpol_wu_jian_five_deadly_venoms
D:10:     gammafunk_beogh_shrine, layout_basic, orc_0_dummy
D:11:     layout_cave_pods, dpeg_oklobed_lair, uniq_psyche
D:12:     layout_layer_cave, serial_shops, shop, nicolae_shop_tiny_waterfront
D:13:     layout_basic, nicolae_underground_beach
D:14:     layout_stronghold, erik_vaults_2, corexii_corridor_pit
D:15:     gammafunk_depths_entry_grave, layout_rooms, chequers_mini_garden
Temple:   mainiacjoe_temple_bowtie_tessellation
Lair:1:   layout_long_grid, serial_bayou_pond_a, guppyfry_lair_drakes
Lair:2:   layout_misc_corridors, chequers_serial_rivers_room_a,
          beast_lair_carwin_10, infiniplex_staircase_pool_2
Lair:3:   layout_misc_corridors, palyth_hydra_swamp_entry,
          nicolae_spider_entry_orb_guardian, small_statue_intersection,
          cheibrodos_lair_reptile_den, lemuel_fruit_tree
Lair:4:   layout_long_grid, minmay_slime_entry_pillars,
          minmay_lair_oklob_bushes, serial_bayou_pond_c, beast_lair_carwin_3
Lair:5:   hellmonk_lair_end_abyssal_woods, layout_layer_cave,
          pdpol_lair_neglected_garden, grunt_megastairs_5
Orc:1:    giant_chief_lemuel, layout_diamond_mine, serial_shops, shop,
          nicolae_shop_firing_range

Skill      XL: |  1  2  3  4  5  6  7  8  9 10 11 12 13 14 15 |
---------------+----------------------------------------------+-----
Short Blades   | 1 2 4 5 6 8 12 14 | 14.0
Fighting       | 1 2 4 5 7 9 10 12 | 12.9
Stealth        | 4 8 10 | 10.0
Evocations     | 2 3 |  3.0
Dodging        | 5 6 7 10 14 | 14.0
Throwing       | 2 |  2.0
Shields        | 4 8 |  8.0
Invocations    | 2 10 12 | 12.0
Spellcasting   | |  3.0
Conjurations   | |  0.6
Summonings     | |  1.0
Translocations | |  0.7

Action                     |  1- 3 |  4- 6 |  7- 9 | 10-12 | 13-15 || total
---------------------------+-------+-------+-------+-------+-------++-------
  Melee: Dagger            |   136 |   275 |   145 |       |       ||   556
         Bite              |    15 |    25 |    33 |    96 |   193 ||   362
         Punch             |       |     2 |     1 |     4 |       ||     7
         Rapier            |       |       |    83 |   600 |  1096 ||  1779
  Throw: Dart              |       |       |    19 |     6 |     7 ||    32
         Stone             |       |       |     1 |       |       ||     1
   Cast: Magic Dart        |    50 |    36 |     5 |       |       ||    91
         Call Imp          |     5 |     7 |     1 |       |       ||    13
 Invoke: Recall Ancestor   |       |       |     2 |       |     4 ||     6
         Ancestor Identity |       |       |     1 |       |       ||     1
         Ancestor Life: He |       |       |     1 |       |       ||     1
         Idealise          |       |       |       |     3 |    13 ||    16
  Evoke: Wand              |       |     6 |    16 |    14 |     7 ||    43
    Use: Scroll            |     5 |     4 |     3 |    15 |     8 ||    35
         Potion            |       |       |       |       |     4 ||     4
   Stab: Sleeping          |     4 |     7 |     3 |     3 |    11 ||    28
         Distracted        |       |     1 |     1 |    22 |    28 ||    52
         Invisible         |       |       |     1 |       |     4 ||     5
         Confused          |       |       |     4 |    22 |    28 ||    54
         Paralysed         |       |       |       |       |    22 ||    22
 Armour: Robe              |    39 |    54 |    63 |     4 |       ||   160
         Steam dragon scal |       |       |       |    50 |       ||    50
         Troll leather arm |       |       |       |    39 |   162 ||   201
  Dodge: Dodged            |   113 |   125 |   162 |   403 |   585 ||  1388
  Block: Buckler           |       |       |       |   195 |   527 ||   722
         Reflection        |       |       |       |     1 |    18 ||    19
